 Dungeon Crawl Stone Soup version 0.25-a0-292-gaa31f046c4 (webtiles) character file.

Game seed: 10312537456555573222, levelgen mode: deterministic

1447 RedPan the Magician (level 8, -2/66 HPs)
             Began as a Red Draconian Ice Elementalist on Dec 15, 2019.
             Was a Believer of Vehumet.
             Slain by an orc knight
             ... wielding a +0 halberd
              (26 damage)
             ... in a bailey.
             The game lasted 00:16:39 (8197 turns).

RedPan the Magician (DrIE)                          Turns: 8197, Time: 00:16:39

Health: -2/66      AC:  7    Str: 15    XL:     8   Next: 46%
Magic:  18/18      EV: 13    Int: 19    God:    Vehumet [**....]
Gold:   414        SH:  0    Dex: 11    Spells: 12/21 levels left

rFire    + . .     SeeInvis .   e - +5 whip
rCold    . . .     Gourm    .   (no shield)
rNeg     . . .     Faith    .   (armour unavailable)
rPois    .         Spirit   .   (helmet restricted)
rElec    .         Reflect  .   (no cloak)
rCorr    .         Harm     .   i - +0 pair of gloves of Ymiaxyt {+Blink MR+ Str+5 Dex-2}
MR       +....                  (no boots)
Stlth    ++........             (no amulet)
HPRegen  0.21/turn              n - +2 ring of intelligence
MPRegen  0.16/turn              (no ring)

@: no status effects
A: breathe fire, unfitting armour, fire resistance 1, cold-blooded, AC +6
a: Breathe Fire, Renounce Religion, Evoke Blink


You were in a bailey.
You worshipped Vehumet.
Vehumet was pleased with you.
You were very hungry.

You visited 1 branch of the dungeon, and saw 7 of its levels.
You also visited: Bailey.

You collected 414 gold pieces.

Inventory:

Hand Weapons
 e - a +5 whip (weapon)
 g - a +1 dagger
 t - a +0 trident
Armour
 i - the +0 pair of gloves of Ymiaxyt (worn) {+Blink MR+ Str+5 Dex-2}
   (You found it on level 6 of the Dungeon)

   It affects your strength (+5).
   It affects your dexterity (-2).
   It affects your resistance to hostile enchantments.
   It lets you blink.
 r - a +0 pair of gloves of archery
Magical Staves
 f - an uncursed staff of energy
Jewellery
 n - a +2 ring of intelligence (left hand)
 o - an uncursed ring of fire
Scrolls
 c - a scroll of identify
 l - 2 scrolls of amnesia
 m - a scroll of remove curse
 p - a scroll of teleportation
Potions
 a - 3 potions of brilliance
 d - 5 potions of curing
 h - a potion of flight
 j - a potion of might
 k - a potion of heal wounds
Comestibles
 b - 12 rations


   Skills:
 - Level 4.0 Fighting
 + Level 3.9 Dodging
 - Level 1.7 Stealth
 + Level 7.0 Spellcasting
 + Level 3.6 Conjurations
 - Level 6.4 Summonings
 - Level 7.0 Ice Magic


You had 12 spell levels left.
You knew the following spells:

 Your Spells              Type           Power        Failure   Level  Hunger
a - Freeze                Ice            ####         1%          1    None
b - Summon Ice Beast      Ice/Summ       ####....     6%          4    ###....
c - Hailstorm             Conj/Ice       ####....     11%         4    ###....

Your spell library contained the following spells:

 Spells                   Type           Power        Failure   Level  Hunger
 Ignite Poison            Fire/Tmut/Pois #.......     30%         3    #......
 Ensorcelled Hibernation  Hex/Ice        ###...       3%          2    None
 Ozocubu's Armour         Chrm/Ice       ###.....     7%          3    #......
 Corona                   Hex            #......      10%         1    None
 Dazzling Flash           Conj/Hex       ##....       14%         3    #......
 Confuse                  Hex            #.......     30%         3    #......
 Tukima's Dance           Hex            #.......     30%         3    #......


Dungeon Overview and Level Annotations

Branches:
Dungeon (7/15)             Bailey (1/1)
 Temple: D:4-7

Altars:
Gozag
Hepliaklqana
Ru
Vehumet


Innate Abilities, Weirdness & Mutations

You can breathe blasts of fire.
Your fiery red scales are hard. (AC +6)
You cannot fit into any form of body armour.
Your flesh is heat resistant. (rF+)
You are cold-blooded and may be slowed by cold attacks.


Message History

You now have 366 gold pieces (gained 14).
You now have 385 gold pieces (gained 19).
You now have 401 gold pieces (gained 16).
You now have 414 gold pieces (gained 13).
There is a large open door here.
There is a large open door here.
You start resting.
You are feeling very hungry.
You start resting.
HP restored.
As you open the door, it creaks loudly!
The orc knight shouts!
You hear a shout! x3
There is an open door here.
The orc knight roars a battlecry!
The orcs go into a battle-frenzy!
The orc warrior barely misses you.
The orc knight hits you from afar with a +0 halberd!!
The orc warrior hits you from afar with a +0 glaive!
The orc knight hits you from afar with a +0 halberd!!
You die...

#∩#### ##.........##
##∩..#######..≈§≈≈≈≈≈..##
####...##...≈≈.§...≈≈..##
########.##..≈..###..≈≈..########
#.........##...##,##..≈≈..).)....
#.≈≈≈≈≈≈≈#######,,,##..≈≈≈≈≈≈≈≈≈≈
#.≈))##### *,,,,,##..........≈
#.≈.#############+#############.≈
#.≈.##.....##...@.....##.....##.≈
#.≈.)##...##..≈≈≈≈≈≈≈..'#...##..≈
#.≈≈..##.##..≈§oo...≈≈..##.##..≈≈
#∩.≈≈..#'#..§≈ooo⌠...≈≈..#'#..≈≈.
##.≈≈..#'#..≈≈..⌠∩⌠..≈≈..#'#..≈≈.
#.≈≈..##.#'..≈≈.§§.§§§..#*,##..≈≈
#.≈..##...##..≈≈§§§§§.§#*,,,##..≈
#.≈.##.....##..§§§§§§§#*,,,,,##.≈
#.≈.#############'###'#########)≈


You could see 2 orc knights and 3 orc warriors.

Vanquished Creatures
  A sky beast (D:6)
  A phantom (D:7)
  2 bullfrogs (D:6)
  A worker ant (D:4)
  4 adders
  A shadow imp (D:6)
  An ooze (D:1)
  6 worms
  4 dart slugs
  6 leopard geckos
  5 orcs
  A ball python (D:4)
  6 bats
  2 giant cockroaches
  6 hobgoblins
  2 jackals (D:6)
  2 quokkas
  8 frilled lizards
  10 goblins
  4 kobolds
  A quokka zombie (D:7)
  5 rats
79 creatures vanquished.

Vanquished Creatures (collateral kills)
  Grinder (D:3)
  A water moccasin (D:5)
  A sky beast (D:6)
  3 orc warriors (Bailey)
  3 ogres
  2 centaurs (D:5)
  A scorpion (D:6)
  2 howler monkeys (D:5)
  4 orc wizards
  5 orc priests
  A bullfrog skeleton (D:5)
  A worker ant (D:5)
  A hound zombie (D:5)
  A worker ant zombie (D:7)
  2 howler monkey skeletons
  3 adders
  A shadow imp (D:6)
  An adder skeleton (D:5)
  2 worms (D:5)
  A dart slug (D:3)
  A leopard gecko (D:6)
  24 orcs
  A giant cockroach (D:5)
  4 goblins (D:7)
  A kobold (D:3)
  A leopard gecko skeleton (D:5)
69 creatures vanquished.

Grand Total: 148 creatures vanquished

Notes
Turn   | Place    | Note
-------+----------+-------------------------------------------
     0 | D:1      | RedPan the Draconian Ice Elementalist began the quest for
                  | the Orb.
     0 | D:1      | Reached XP level 1. HP: 14/14 MP: 3/3
   396 | D:1      | Reached XP level 2. HP: 20/20 MP: 3/5
  1321 | D:2      | Found a radiant altar of Vehumet.
  1329 | D:2      | Became a worshipper of Vehumet
  1333 | D:2      | Reached XP level 3. HP: 26/26 MP: 5/7
  2070 | D:2      | Reached XP level 4. HP: 31/33 MP: 5/8
  2604 | D:2      | Learned a level 4 spell: Summon Ice Beast
  2604 | D:2      | Reached XP level 5. HP: 38/38 MP: 9/14
  2610 | D:2      | Learned a level 4 spell: Hailstorm
  2929 | D:3      | Reached * piety under Vehumet
  2929 | D:3      | Offered knowledge of Sandblast by Vehumet.
  3272 | D:3      | Noticed Grinder
  3276 | D:3      | Paralysed by Grinder for 2 turns
  3293 | D:3      | Killed Grinder
  3293 | D:3      | Reached XP level 6. HP: 46/46 MP: 4/15
  3798 | D:4      | Reached skill level 1 in Fighting
  3897 | D:4      | Reached skill level 1 in Conjurations
  4470 | D:5      | Entered Level 5 of the Dungeon
  4475 | D:5      | Your scales start taking on a fiery red colour.
  4475 | D:5      | Reached XP level 7. HP: 30/53 MP: 4/17
  4475 | D:5      | Gained mutation: Your flesh is heat resistant. (rF+) [Red
                  | Draconian growth]
  4478 | D:5      | HP: 1/53 [centaur/arrow (15)]
  4835 | D:5      | Found a hazy altar of Hepliaklqana.
  4898 | D:5      | Offered knowledge of Magic Dart by Vehumet.
  4980 | D:5      | Reached ** piety under Vehumet
  5286 | D:5      | Found a sacrificial altar of Ru.
  5369 | D:5      | Found a sacrificial altar of Ru.
  5856 | D:6      | Reached XP level 8. HP: 59/63 MP: 7/18
  6123 | D:6      | Found an opulent altar of Gozag.
  6400 | D:6      | Got a pair of distressingly furry gloves
  6411 | D:6      | Identified the cursed +0 pair of gloves of Ymiaxyt {+Blink
                  | MR+ Str+5 Dex-2} (You found it on level 6 of the Dungeon)
  6815 | D:7      | Found a flagged portal.
  6823 | D:7      | Offered knowledge of Ignite Poison by Vehumet.
  6830 | Bailey   | Entered a bailey
  7462 | Bailey   | Reached *** piety under Vehumet
  7587 | Bailey   | Noticed an orc knight
  7600 | Bailey   | Noticed an orc knight
  8197 | Bailey   | Slain by an orc knight

Levels and vault maps discovered:
D:1:      saegor_arrival_simple_a, layout_loops_corners, grunt_decor_one_mirror
D:2:      layout_loops_ring, old_standard_altar
D:3:      layout_basic, first_ration, minmay_door_square, uniq_grinder
D:4:      layout_basic
D:5:      minmay_clustersquares, layout_cave_pools, marbit_many_paths,
          lemuel_round_altar, basic_altar
D:6:      layout_gridville, kennysheep_mini
D:7:      layout_layer_cave, okawaru_altar_gauntlet_db,
          minmay_temple_entry_tees, enter_bailey_3, solitary_fountain,
          the_bakery
Bailey:   bailey_polearm_1, bailey

Skill      XL: |  1  2  3  4  5  6  7  8 |
---------------+-------------------------+-----
Spellcasting   | 3 6 7 |  7.0
Summonings     | 6 |  6.4
Ice Magic      | 8 6 7 |  7.0
Dodging        | 2 3 |  3.9
Fighting       | 1 3 4 |  4.0
Conjurations   | 1 2 3 |  3.6
Stealth        | |  1.7

Action                   |  1- 3 |  4- 6 |  7- 9 || total
-------------------------+-------+-------+-------++-------
Melee: Unarmed           |     4 |       |       ||     4
       Club              |     2 |       |       ||     2
       Dagger            |    26 |    16 |       ||    42
       Tailslap          |     3 |     4 |    11 ||    18
       Staff             |       |     1 |       ||     1
       Whip              |       |     8 |    71 ||    79
 Cast: Freeze            |    57 |    58 |     1 ||   116
       Summon Ice Beast  |       |    17 |    59 ||    76
  Use: Scroll            |     2 |     9 |     6 ||    17
       Potion            |       |     1 |       ||     1
 Stab: Sleeping          |     2 |     2 |       ||     4
  Eat: Chunk             |     4 |     9 |    15 ||    28
       Ration            |       |       |     1 ||     1
Armor: Skin              |    25 |    21 |    39 ||    85
Dodge: Dodged            |    41 |    35 |    83 ||   159

Table legend:
 A = Non-vault XP
 B = Vault XP
 C = Vault XP percentage of total XP
 D = Non-vault monster count
 E = Vault monster count
 F = Vault count percentage of total count
                 A         B        C        D         E       F
            +---------+---------+-------+---------+---------+-------
      Total |    1414 |     540 |  27.6 |     120 |      28 |  18.9
            +---------+---------+-------+---------+---------+-------
        D:1 |      39 |       0 |   0.0 |      18 |       0 |   0.0
        D:2 |      76 |       0 |   0.0 |      21 |       0 |   0.0
        D:3 |      56 |     145 |  72.1 |      23 |       1 |   4.2
        D:4 |     260 |       0 |   0.0 |      24 |       0 |   0.0
        D:5 |     316 |     168 |  34.7 |      11 |       8 |  42.1
        D:6 |     557 |       0 |   0.0 |      20 |       0 |   0.0
        D:7 |     110 |       4 |   3.5 |       3 |       4 |  57.1
     Bailey |       0 |     223 | 100.0 |       0 |      15 | 100.0
            +---------+---------+-------+---------+---------+-------
